[Event "18th Brasschaat Open 2018"]
[Site "Brasschaat"]
[Date "2018.08.21"]
[Round "1"]
[White "Mitran, Anthony Cristian"]
[Black "Berghs, Hilde"]
[Result "1-0"]
[ECO "A46"]
[WhiteElo "2096"]
[BlackElo "1626"]
[Annotator "NA RC"]
[PlyCount "57"]
[EventDate "2018.08.18"]
[EventType "swiss"]
[EventCountry "BEL"]
[SourceTitle "playchess.com"]
[Source "ChessBase"]
[SourceQuality "1"]
[TimeControl "40/5400+30:1800+30"]

1. Nf3 Nf6 2. b3 g6 3. Bb2 Bg7 4. d4 O-O 5. Nbd2 d6 6. g3 c5 7. Bg2 Nc6 8. O-O cxd4 9. Nxd4 Bd7 10. e4 Rc8 11. Nc4 Nxd4 12. Bxd4 b6 13. a4 Qc7 14. e5 Ng4 15. exd6 exd6 16. Bxg7 Kxg7 17. Qd4+ f6 18. Rae1 Ne5 19. Nxd6 Qc5 20. Qxc5 Rxc5 21. f4 Nf7 22. Re7 Bc6 23. Bxc6 Rxc6 24. Nb5 Kg8 25. c4 a6 26. Nc7 a5 27. Nd5 Nd6 28. Re6 Kg7 29. Rfe1 1-0

[Event "18th Brasschaat Open 2018"]
[Site "Brasschaat"]
[Date "2018.08.21"]
[Round "1"]
[White "Kloosterboer, Nico"]
[Black "Oudewaal, Vincent"]
[Result "0-1"]
[ECO "A46"]
[WhiteElo "1623"]
[BlackElo "2070"]
[Annotator "NA RC"]
[PlyCount "64"]
[EventDate "2018.08.18"]
[EventType "swiss"]
[EventCountry "BEL"]
[SourceTitle "playchess.com"]
[Source "ChessBase"]
[SourceQuality "1"]
[TimeControl "40/5400+30:1800+30"]

1. d4 Nf6 2. Bf4 d6 3. e3 Nbd7 4. Nf3 Nh5 5. Be2 c5 6. c3 cxd4 7. cxd4 Nxf4 8. exf4 g6 9. Nc3 Bg7 10. Rc1 O-O 11. O-O Nf6 12. Re1 a6 13. Ng5 h6 14. Nf3 b5 15. Bd3 e6 16. Ne4 Nd5 17. Qd2 Bb7 18. Ng3 Nf6 19. Be2 Qb6 20. Rc3 b4 21. Rc4 a5 22. Rec1 Bd5 23. Rc7 Ne8 24. Rc8 Rxc8 25. Rxc8 Bxa2 26. Qd3 Bd5 27. Qb5 Qxb5 28. Bxb5 Bxf3 29. Rxe8 Rxe8 30. Bxe8 Bd1 31. Ne4 Kf8 32. d5 Kg8 0-1

[Event "18th Brasschaat Open 2018"]
[Site "Brasschaat"]
[Date "2018.08.21"]
[Round "2"]
[White "Oudewaal, Vincent"]
[Black "De Schouwer, Jonas"]
[Result "1-0"]
[ECO "A29"]
[WhiteElo "2070"]
[BlackElo "1790"]
[Annotator "NA RC"]
[PlyCount "45"]
[EventDate "2018.08.18"]
[EventType "swiss"]
[EventCountry "BEL"]
[SourceTitle "playchess.com"]
[Source "ChessBase"]
[SourceQuality "1"]
[TimeControl "40/5400+30:1800+30"]

1. c4 e5 2. g3 Nf6 3. Bg2 d5 4. cxd5 Nxd5 5. Nc3 Nb6 6. Nf3 Nc6 7. O-O Be7 8. a3 O-O 9. b4 a6 10. d3 Be6 11. Bb2 Qd7 12. Ne4 f6 13. Nc5 Bxc5 14. bxc5 Nd5 15. e4 Nde7 16. d4 Bc4 17. dxe5 Qe6 18. exf6 Bxf1 19. fxe7 Qxe7 20. Qd5+ Kh8 21. Rxf1 Rad8 22. Qh5 Qxe4 23. Ng5 1-0

[Event "18th Brasschaat Open 2018"]
[Site "Brasschaat"]
[Date "2018.08.21"]
[Round "2"]
[White "De Cocq, Ramin"]
[Black "Mitran, Anthony Cristian"]
[Result "0-1"]
[ECO "E21"]
[WhiteElo "1766"]
[BlackElo "2096"]
[Annotator "NA RC"]
[PlyCount "56"]
[EventDate "2018.08.18"]
[EventType "swiss"]
[EventCountry "BEL"]
[SourceTitle "playchess.com"]
[Source "ChessBase"]
[SourceQuality "1"]
[TimeControl "40/5400+30:1800+30"]

1. d4 b6 2. c4 Bb7 3. Nc3 e6 4. e3 Nf6 5. Nf3 Bb4 6. Bd2 O-O 7. Be2 Be7 8. O-O c5 9. a3 d5 10. Rb1 cxd4 11. Nxd4 dxc4 12. Bxc4 Nbd7 13. Bxe6 fxe6 14. Nxe6 Qe8 15. Nxf8 Bxf8 16. b4 Qg6 17. f3 Ne5 18. e4 Kh8 19. Qe2 Rc8 20. Rfc1 Rd8 21. Be1 Nh5 22. Rd1 Nf4 23. Qf1 Rc8 24. Ne2 Nxe2+ 25. Qxe2 Nxf3+ 26. Kh1 Bxe4 27. Rb3 Nxe1 28. Rxe1 Rc2 0-1

[Event "18th Brasschaat Open 2018"]
[Site "Brasschaat"]
[Date "2018.08.21"]
[Round "3"]
[White "Mitran, Anthony Cristian"]
[Black "Gorts, Sven"]
[Result "1/2-1/2"]
[ECO "D04"]
[WhiteElo "2096"]
[BlackElo "1901"]
[Annotator "NA RC"]
[PlyCount "73"]
[EventDate "2018.08.18"]
[EventType "swiss"]
[EventCountry "BEL"]
[SourceTitle "playchess.com"]
[Source "ChessBase"]
[SourceQuality "1"]
[TimeControl "40/5400+30:1800+30"]

1. Nf3 c5 2. b3 Nc6 3. Bb2 d5 4. e3 Nf6 5. d4 cxd4 6. exd4 Bg4 7. h3 Bh5 8. Be2 e6 9. O-O Be7 10. a4 O-O 11. Nbd2 Rc8 12. c3 h6 13. Bd3 e5 14. dxe5 Nxe5 15. Be2 Nxf3+ 16. Bxf3 Bxf3 17. Qxf3 Re8 18. Rad1 Qb6 19. c4 dxc4 20. Nxc4 Rxc4 21. Bxf6 Rb4 22. Bxe7 Rxe7 23. Rd3 Rbe4 24. Rc3 Qe6 25. Qd3 Qd7 26. Qg3 R4e5 27. Rfc1 a6 28. Kh2 Kh7 29. Rc8 Qd6 30. Re1 Qd7 31. Rxe5 Rxe5 32. Rf8 Rg5 33. Qf4 Qd5 34. g4 f6 35. Qb8 Qe5+ 36. Qxe5 Rxe5 37. Rf7 1/2-1/2

[Event "18th Brasschaat Open 2018"]
[Site "Brasschaat"]
[Date "2018.08.21"]
[Round "3"]
[White "De Cuyper, Yago"]
[Black "Vande Ginste, Michiel"]
[Result "0-1"]
[ECO "E16"]
[WhiteElo "1749"]
[BlackElo "1762"]
[Annotator "NA RC"]
[PlyCount "92"]
[EventDate "2018.08.18"]
[EventType "swiss"]
[EventCountry "BEL"]
[SourceTitle "playchess.com"]
[Source "ChessBase"]
[SourceQuality "1"]
[TimeControl "40/5400+30:1800+30"]

1. d4 Nf6 2. c4 e6 3. g3 c5 4. Nf3 b6 5. Bg2 Bb7 6. d5 exd5 7. Nh4 d6 8. Nc3 Nbd7 9. O-O g6 10. Bf4 Ne5 11. Nxd5 Nxd5 12. Bxd5 Qc7 13. Qd2 Bg7 14. Rad1 O-O 15. b3 Rfd8 16. Bg5 Rd7 17. Qf4 Re8 18. Bf6 Bf8 19. f3 a6 20. e4 Bxd5 21. Rxd5 h6 22. Qd2 Re6 23. Bxe5 Rxe5 24. Ng2 Rxd5 25. Qxd5 Bg7 26. Nf4 Bd4+ 27. Kg2 Kh7 28. Ne2 Bg7 29. Rd1 b5 30. Rb1 Qa5 31. Qd3 Qxa2 32. Kh3 Qa5 33. f4 Rd8 34. Rd1 Bf6 35. f5 g5 36. g4 bxc4 37. Qxc4 Rd7 38. Ng3 Be5 39. Nh5 Qa2 40. Ng3 Qa5 41. Nh5 Qb5 42. Qc2 Rb7 43. Rd3 Qb4 44. Re3 Qd4 45. Qe2 c4 46. f6 Qxe3+ 0-1

[Event "18th Brasschaat Open 2018"]
[Site "Brasschaat"]
[Date "2018.08.21"]
[Round "4"]
[White "Oudewaal, Vincent"]
[Black "Busschots, Johan"]
[Result "1/2-1/2"]
[ECO "A14"]
[WhiteElo "2070"]
[BlackElo "1823"]
[Annotator "NA RC"]
[PlyCount "103"]
[EventDate "2018.08.18"]
[EventType "swiss"]
[EventCountry "BEL"]
[SourceTitle "playchess.com"]
[Source "ChessBase"]
[SourceQuality "1"]
[TimeControl "40/5400+30:1800+30"]

1. c4 e6 2. g3 Nf6 3. Bg2 d5 4. Nf3 Be7 5. O-O O-O 6. b3 c5 7. Bb2 Nc6 8. e3 b6 9. Nc3 Bb7 10. cxd5 exd5 {[%emt 0:00:31] LiveBook: 150 Games} 11. d4 Rc8 12. dxc5 bxc5 13. Rc1 Re8 14. Nh4 $11 Ne5 15. Qe2 Qa5 16. Rfd1 Ba6 17. Qc2 c4 18. Nxd5 Nd3 19. Nxe7+ Rxe7 20. Bc3 cxb3 21. Qd2 Qxa2 22. Bxf6 Rxc1 23. Qxc1 Qxf2+ 24. Kh1 Qxf6 25. Rxd3 Qb6 26. Rc3 g6 27. Nf3 b2 28. Qb1 Bb7 29. Nd4 Bxg2+ 30. Kxg2 Qb4 31. Rc8+ Kg7 32. Rc2 Rb7 33. Nf3 a5 34. Nd2 a4 35. Qa2 b1=Q 36. Nxb1 Qxb1 37. Qxa4 Qb6 38. Qd4+ Qf6 39. Rf2 Qxd4 40. exd4 f5 41. h4 h6 42. h5 Rd7 43. hxg6 Rxd4 44. Rxf5 Kxg6 45. Ra5 Rd6 46. Kh3 Rc6 47. Kh4 Rc4+ 48. g4 Rc6 49. Ra8 Rb6 50. Rg8+ Kh7 51. Rf8 Kg6 52. Rf5 1/2-1/2

[Event "18th Brasschaat Open 2018"]
[Site "Brasschaat"]
[Date "2018.08.21"]
[Round "4"]
[White "Boudry, William"]
[Black "De Schouwer, Jonas"]
[Result "1-0"]
[ECO "C55"]
[WhiteElo "2044"]
[BlackElo "1790"]
[Annotator "NA RC"]
[PlyCount "106"]
[EventDate "2018.08.18"]
[EventType "swiss"]
[EventCountry "BEL"]
[SourceTitle "playchess.com"]
[Source "ChessBase"]
[SourceQuality "1"]
[TimeControl "40/5400+30:1800+30"]

1. e4 e5 2. Nf3 Nc6 3. Bc4 Nf6 4. d3 Be7 5. Bb3 d6 6. c3 O-O 7. Nbd2 Na5 8. Bc2 c5 9. Nf1 {[%emt 0:00:05] LiveBook: 39 Games} Nc6 10. Ng3 Qc7 11. O-O h6 12. Qe2 Be6 $11 13. Nh4 d5 14. Nhf5 Rad8 15. Ba4 a6 16. Bxc6 bxc6 17. f4 c4 18. fxe5 cxd3 19. Nxe7+ Qxe7 20. exf6 dxe2 21. fxe7 exf1=Q+ 22. Kxf1 dxe4 23. exd8=R Rxd8 24. Be3 f5 25. h4 f4 26. Bxf4 Rf8 27. Nh5 Bg4 28. Ke1 Bxh5 29. g3 Rd8 30. Kf2 Bf3 31. a4 Rd3 32. a5 Kf7 33. Ra4 Rd5 34. c4 Rf5 35. Ke3 Ke6 36. Bc7 Kd7 37. Bb6 g5 38. hxg5 Rxg5 39. c5 Rxg3 40. Rd4+ Ke7 41. Rd6 Bh1+ 42. Kf4 Rf3+ 43. Kxe4 Rf2+ 44. Ke5 Re2+ 45. Kf5 Rxb2 46. Bd8+ Ke8 47. Bh4 Rc2 48. Kg6 Rg2+ 49. Kxh6 Rc2 50. Kg7 Rg2+ 51. Kf6 Rg4 52. Bg5 Bd5 53. Kf5 Rg1 {[%emt 0:00:34] Ke4 [%clk 0:00:00]} 1-0

[Event "18th Brasschaat Open 2018"]
[Site "Brasschaat"]
[Date "2018.08.21"]
[Round "4"]
[White "Ismail, Tamer"]
[Black "Gottfried, Jonathan"]
[Result "1-0"]
[ECO "B55"]
[WhiteElo "1999"]
[BlackElo "1784"]
[Annotator "NA RC"]
[PlyCount "75"]
[EventDate "2018.08.18"]
[EventType "swiss"]
[EventCountry "BEL"]
[SourceTitle "playchess.com"]
[Source "ChessBase"]
[SourceQuality "1"]
[TimeControl "40/5400+30:1800+30"]

1. e4 c5 2. Nf3 d6 3. d4 cxd4 4. Nxd4 Nf6 5. f3 e5 6. Nb3 {[%emt 0:00:43] LiveBook: 797 Games} Be7 7. c4 O-O 8. Be3 Nc6 9. Be2 Be6 10. Nc3 Na5 11. Nd5 Nxd5 12. cxd5 Bd7 13. Nd2 b6 14. b4 Nb7 15. Ba6 Rb8 $16 16. Rc1 f5 17. O-O f4 18. Bf2 Bc8 19. Qc2 Rf7 20. Qc6 Bf8 21. Rc2 Nc5 22. Bxc8 Rxc8 23. Qb5 Nd7 24. Rfc1 Rxc2 25. Rxc2 Nf6 26. Qc6 Nh5 27. a4 Qg5 28. Qc8 Rf6 29. Qd8 Ng3 30. b5 Qh4 31. hxg3 fxg3 32. Be3 Qh2+ 33. Kf1 Qh4 34. Qd7 Rxf3+ 35. Nxf3 Qxe4 36. Qe6+ Kh8 37. Qf7 Qd3+ 38. Re2 1-0

[Event "18th Brasschaat Open 2018"]
[Site "Brasschaat"]
[Date "2018.08.21"]
[Round "4"]
[White "Sikkel, Dirk"]
[Black "Remijsen, Dave"]
[Result "1-0"]
[ECO "B51"]
[WhiteElo "1973"]
[BlackElo "1772"]
[Annotator "NA RC"]
[PlyCount "39"]
[EventDate "2018.08.18"]
[EventType "swiss"]
[EventCountry "BEL"]
[SourceTitle "playchess.com"]
[Source "ChessBase"]
[SourceQuality "1"]
[TimeControl "40/5400+30:1800+30"]

1. e4 c5 2. Nf3 d6 3. Bb5+ Nd7 4. O-O a6 5. Bxd7+ Bxd7 6. d4 cxd4 7. Qxd4 {[%emt 0:00:34] LiveBook: 482 Games} e5 8. Qd3 Rc8 9. Na3 b5 10. c4 bxc4 11. Nxc4 Bb5 12. Nfd2 $14 Nf6 13. b3 d5 14. exd5 Qxd5 15. Qf5 Nd7 16. Bb2 g6 17. Qh3 f5 18. Rad1 Bg7 19. Nf3 Qe6 20. Nd6+ 1-0

[Event "18th Brasschaat Open 2018"]
[Site "Brasschaat"]
[Date "2018.08.21"]
[Round "4"]
[White "De Bock, Thijs"]
[Black "Mitran, Anthony Cristian"]
[Result "0-1"]
[ECO "B06"]
[WhiteElo "1959"]
[BlackElo "2096"]
[Annotator "NA RC"]
[PlyCount "156"]
[EventDate "2018.08.18"]
[EventType "swiss"]
[EventCountry "BEL"]
[SourceTitle "playchess.com"]
[Source "ChessBase"]
[SourceQuality "1"]
[TimeControl "40/5400+30:1800+30"]

1. e4 g6 2. d4 Bg7 3. Nc3 d6 4. f4 Nd7 5. Nf3 e6 6. Bd3 Ne7 7. O-O O-O {[%emt 0:00:41] LiveBook: 5 Games} 8. f5 exf5 9. exf5 Nb6 10. Bg5 f6 11. fxg6 hxg6 $16 (11... fxg5 $11 12. gxh7+ Kh8 13. Nxg5 Bf5 14. Bxf5 Nxf5) 12. Bc1 d5 13. Qe1 Bf5 14. a4 Qd7 15. a5 Nc4 16. Nh4 Bxd3 17. cxd3 Nd6 18. Qg3 g5 19. Nf3 c6 20. Na4 Nef5 21. Qg4 Qf7 22. h4 Nh6 23. Qg3 Ndf5 24. Qf2 Ng4 25. Qd2 gxh4 26. Qf4 Qh5 27. Nh2 Ngh6 28. Nc5 Ng3 29. Qf3 Qxf3 30. Rxf3 Ne2+ 31. Kf2 Nxd4 32. Rf4 f5 33. Rxh4 Ng4+ 34. Kf1 Rae8 35. Bf4 Nc2 36. Rc1 Nce3+ 37. Bxe3 Nxe3+ 38. Kg1 Bxb2 39. Rb1 Bf6 40. Ra4 Re7 41. Rxb7 Rxb7 42. Nxb7 Rf7 43. a6 Rg7 44. Ra2 Bd4 45. Nf3 Bb6 46. d4 Rg4 47. Re2 f4 48. Rb2 Nc4 49. Re2 Kh7 50. Kh1 Ne3 51. Rb2 Nf5 52. Rxb6 axb6 53. Nd8 Rg8 54. Ng5+ Rxg5 55. a7 Rh5+ 56. Kg1 Ng3 57. Kf2 Rh1 58. Kf3 Rf1+ 59. Kg4 Ra1 60. Nxc6 Ne2 61. Kf3 Nc3 62. Kxf4 Nb5 63. Ke5 Nxa7 64. Nb4 Rg1 65. g4 Rxg4 66. Nxd5 Kg7 67. Nxb6 Nc6+ 68. Kd5 Nxd4 69. Nc4 Nf5 70. Ne5 Ne3+ 71. Kc5 Rg5 72. Kd4 Nc2+ 73. Ke4 Kf6 74. Nd3 Nb4 75. Nf4 Re5+ 76. Kd4 Kf5 77. Ng2 Nc2+ 78. Kc3 Kg4 0-1

[Event "18th Brasschaat Open 2018"]
[Site "Brasschaat"]
[Date "2018.08.22"]
[Round "5"]
[White "Grochal, Joey"]
[Black "Naalden, Marc"]
[Result "1-0"]
[ECO "A59"]
[WhiteElo "2300"]
[BlackElo "1860"]
[Annotator "NA"]
[PlyCount "53"]
[EventDate "2018.08.18"]
[EventType "swiss"]
[EventCountry "BEL"]
[SourceTitle "playchess.com"]
[Source "ChessBase"]
[SourceQuality "1"]
[TimeControl "40/5400+30:1800+30"]

1. d4 Nf6 2. c4 c5 3. d5 b5 4. cxb5 a6 5. bxa6 Bxa6 6. Nc3 g6 7. Nf3 Bg7 8. e4 Bxf1 9. Kxf1 d6 10. g3 O-O 11. Kg2 Nbd7 12. a4 {[%emt 0:00:32] A59: Benko/Volga Gambit: White castles by hand} Ne8 (12... Ra6 13. Re1 Qa8 14. Nb5 Rc8 15. Ra3 Ne8 16. Qc2 Nc7 17. Nxc7 Rxc7 18. b4 cxb4 19. Qxc7 bxa3 20. Bxa3 Rxa4 21. Qxd7 {0-1 (37) Vallejo Pons,F (2711)-Tregubov,P (2585) Tallinn 2016}) 13. Nb5 $146 ({Predecessor:} 13. Bf4 Ra6 14. Re1 f6 15. Nd2 Nc7 16. a5 f5 17. f3 h6 18. Nc4 g5 19. Bd2 Ne5 20. Nxe5 Bxe5 {1-0 (42) Henderson de la Fuente,L (2463)-Nun,J (2306) Pardubice 2018}) 13... Nc7 14. Nxc7 Qxc7 15. Qc2 Rfb8 16. Ra2 Qb7 17. Bg5 e6 18. Rd1 ({White should try} 18. dxe6 $14 fxe6 19. a5) 18... Ne5 19. dxe6 Nxf3 20. Kxf3 f5 21. Rxd6 fxe4+ 22. Qxe4 Qb3+ (22... Rf8+ $16 {war nötig.} 23. Bf4 Qb3+ 24. Kg2 Qxa2) 23. Kg2 Qxa2 $18 24. e7 Bf8 25. Rd5 Bg7 26. Qe6+ Kh8 27. Rd8+ 1-0

[Event "18th Brasschaat Open 2018"]
[Site "Brasschaat"]
[Date "2018.08.22"]
[Round "5"]
[White "Draftian, Ashote"]
[Black "Kazarian, Anna-Maja"]
[Result "1/2-1/2"]
[ECO "B10"]
[WhiteElo "2247"]
[BlackElo "2183"]
[Annotator "NA"]
[PlyCount "54"]
[EventDate "2018.08.18"]
[EventType "swiss"]
[EventCountry "BEL"]
[SourceTitle "playchess.com"]
[Source "ChessBase"]
[SourceQuality "1"]
[TimeControl "40/5400+30:1800+30"]

1. e4 c6 2. c4 d5 3. exd5 cxd5 4. cxd5 Nf6 5. Qa4+ Nbd7 6. Nc3 g6 7. g3 Bg7 8. Bg2 O-O 9. Nge2 Nb6 {[%emt 0:05:52] LiveBook: 5 Games B10: Caro-Kann-Verteidigung} 10. Qb3 Bf5 11. O-O Bd3 12. Rd1 $146 ({Vorgänger:} 12. d6 Qxd6 13. Bxb7 Rab8 14. Bg2 Nc4 15. Qd1 Nxb2 16. Bxb2 Rxb2 17. Re1 {0-1 (38) Shaposhnikov,E (2554)-Amonatov,F (2557) chessassistantclub.com INT 2004}) 12... Nfxd5 13. Bxd5 Nxd5 14. Nxd5 Bxe2 15. Re1 Bg4 16. Qxb7 Rb8 17. Nxe7+ Kh8 18. Qe4 $11 Qd7 19. d4 Bxd4 20. h3 Bxh3 21. Bh6 Rxb2 22. Rad1 Bxf2+ 23. Kh1 Qb5 24. Bxf8 Bg2+ 25. Qxg2 Qh5+ 26. Qh2 Qf3+ 27. Qg2 Qh5+ 1/2-1/2

[Event "18th Brasschaat Open 2018"]
[Site "Brasschaat"]
[Date "2018.08.22"]
[Round "5"]
[White "Dauw, Sterre"]
[Black "Raats, Joppe"]
[Result "1-0"]
[ECO "C45"]
[WhiteElo "2192"]
[BlackElo "1862"]
[Annotator "NA"]
[PlyCount "61"]
[EventDate "2018.08.18"]
[EventType "swiss"]
[EventCountry "BEL"]
[SourceTitle "playchess.com"]
[Source "ChessBase"]
[SourceQuality "1"]
[TimeControl "40/5400+30:1800+30"]

1. e4 e5 2. Nf3 Nc6 3. d4 exd4 4. Nxd4 Bb4+ 5. c3 Bc5 6. Be3 Bb6 7. Nf5 Bxe3 {[%emt 0:00:45] C45: Scotch Game} 8. Nxe3 d6 (8... Nf6 9. f3 O-O 10. c4 d6 11. Nc3 Nd7 12. Be2 Nc5 13. O-O a5 14. Qd2 Bd7 15. f4 {1-0 (37) Idani,P (2572)-Gordievsky,D (2653) Qinhuangdao 2018}) 9. c4 Nf6 10. Nc3 O-O 11. Bd3 Ne5 {[%emt 0:04:05] LiveBook: 3 Games} 12. O-O Re8 13. h3 $146 ({Predecessor:} 13. f4 Ng6 14. Qd2 Bd7 15. Rae1 {0-1 (42) Djuraev,S (2353)-Faizulaev,A (2315) Tashkent 2015}) 13... b6 14. Rc1 Bb7 15. Ned5 Nxd3 16. Qxd3 c6 17. Ne3 Qd7 18. Rfd1 Rad8 19. Nf5 Nxe4 20. Nh6+ gxh6 21. Nxe4 $11 Re6 22. Qd4 c5 23. Nf6+ Kg7 24. Nh5+ Kf8 25. Qg7+ Ke7 26. Re1 Qc6 27. Qf6+ Kd7 28. Qxf7+ Kc8 29. Qxe6+ Kb8 30. Nf4 Rf8 31. Nd5 1-0

[Event "18th Brasschaat Open 2018"]
[Site "Brasschaat"]
[Date "2018.08.22"]
[Round "5"]
[White "Den Hartog, Marijn"]
[Black "Baselmans, Luuk"]
[Result "1-0"]
[ECO "E16"]
[WhiteElo "2118"]
[BlackElo "2100"]
[Annotator "NA"]
[PlyCount "155"]
[EventDate "2018.08.18"]
[EventType "swiss"]
[EventCountry "BEL"]
[SourceTitle "playchess.com"]
[Source "ChessBase"]
[SourceQuality "1"]
[TimeControl "40/5400+30:1800+30"]

1. d4 e6 2. Nf3 Nf6 3. g3 b6 4. Bg2 Bb7 5. O-O d6 6. c4 {[%emt 0:01:23] LiveBook: 23 Games} Nbd7 {[%emt 0:00:38] E16: Queen's Indian: 4 g3 Bb7 5 Bg2 Bb4+} 7. d5 e5 8. Nc3 a5 9. e4 Nc5 $146 ({Predecessor:} 9... Be7 10. Nh4 g6 11. Bh6 Nh5 12. Nf5 Bf6 13. Bf3 Nf4 14. gxf4 gxf5 15. exf5 {1-0 (38) Froehlich,P (2445)-Gilbert,C (2112) Metz 2001}) 10. Re1 g6 11. Rb1 Bg7 12. Qc2 O-O 13. Bg5 h6 14. Bd2 Bc8 15. Nh4 Kh7 16. b3 Nh5 17. Bf3 Bf6 18. Ng2 Ng7 19. h4 Be7 20. a3 f5 21. b4 fxe4 22. Bxe4 Nxe4 23. Nxe4 axb4 24. axb4 Bf5 25. Qc1 Ra2 26. Ra1 $15 Qa8 27. Nc3 Rxa1 28. Qxa1 Bd3 29. Ne3 Nf5 30. Nxf5 gxf5 31. Qd1 Rg8 32. Qf3 Bxc4 33. Qxf5+ Kh8 34. Bxh6 Qc8 35. Qh5 Qe8 36. Qxe8 Rxe8 37. Ra1 Bf6 38. Ra7 Re7 39. Bg5 Bxg5 40. hxg5 e4 41. Ra1 Re5 42. Re1 Kg7 43. Rxe4 Rxe4 44. Nxe4 Bxd5 45. Nf6 Bf7 46. f4 c5 47. bxc5 dxc5 48. Kf2 c4 49. Ke3 b5 50. Kd2 Kg6 51. Kc3 Kf5 52. Nd7 Be6 53. Ne5 Bg8 54. Kd4 Be6 55. Nc6 Bf7 56. Ne7+ Ke6 57. Nd5 Kf5 58. Ne3+ Kg6 59. Kc5 c3 60. Kb4 c2 61. Nxc2 Kf5 62. Nd4+ Ke4 63. Nxb5 Bg6 64. Kc5 Kf3 65. Nd6 Kg4 66. Kd4 Bb1 67. Ne4 Kf5 68. Nf2 Bc2 69. Ke3 Bb1 70. g4+ Kg6 71. Ne4 Bc2 72. f5+ Kg7 73. Kf4 Bd1 74. g6 Be2 75. Kg5 Bd3 76. f6+ Kg8 77. Nd6 Bc2 78. Kh6 1-0

[Event "18th Brasschaat Open 2018"]
[Site "Brasschaat"]
[Date "2018.08.22"]
[Round "5"]
[White "Pirard, Natan"]
[Black "Demarre, Jan"]
[Result "1-0"]
[ECO "C88"]
[WhiteElo "2067"]
[BlackElo "1741"]
[Annotator "NA"]
[PlyCount "51"]
[EventDate "2018.08.18"]
[EventType "swiss"]
[EventCountry "BEL"]
[SourceTitle "playchess.com"]
[Source "ChessBase"]
[SourceQuality "1"]
[TimeControl "40/5400+30:1800+30"]

1. e4 e5 2. Nf3 Nc6 3. Bb5 a6 4. Ba4 Nf6 5. O-O d6 6. Re1 b5 7. Bb3 Be7 8. a4 Bb7 9. d3 O-O 10. Nc3 b4 11. Ne2 Na5 12. Ba2 c5 {[%emt 0:00:11] LiveBook: 196 Games} 13. Ng3 Bc8 14. c3 Nc6 15. Bg5 Be6 $11 16. Bxe6 fxe6 17. d4 bxc3 18. bxc3 exd4 19. cxd4 Nd7 20. d5 Nce5 21. Nxe5 Nxe5 22. Be3 Nc4 23. dxe6 Nxe3 24. Rxe3 Bf6 25. Qd5 Qe7 26. Nf5 1-0

[Event "18th Brasschaat Open 2018"]
[Site "Brasschaat"]
[Date "2018.08.22"]
[Round "5"]
[White "Van Herck, Marcel"]
[Black "Sadkowski, Daniel"]
[Result "1/2-1/2"]
[ECO "D63"]
[WhiteElo "2019"]
[BlackElo "2235"]
[Annotator "NA"]
[PlyCount "121"]
[EventDate "2018.08.18"]
[EventType "swiss"]
[EventCountry "BEL"]
[SourceTitle "playchess.com"]
[Source "ChessBase"]
[SourceQuality "1"]
[TimeControl "40/5400+30:1800+30"]

1. d4 Nf6 2. Nf3 e6 3. c4 d5 4. Nc3 Be7 5. Bg5 Nbd7 6. e3 h6 7. Bh4 O-O 8. Rc1 c5 9. cxd5 Nxd5 10. Bxe7 Nxe7 11. Be2 b6 {[%emt 0:06:22] LiveBook: 13 Games} 12. O-O Bb7 13. Qa4 a6 14. dxc5 Nxc5 15. Qc2 Nd5 16. Rfd1 $11 Qe7 17. Nxd5 Bxd5 18. b4 Ne4 19. Bd3 Nf6 20. a3 Qb7 21. Qe2 a5 22. b5 Rac8 23. Ne1 Qe7 24. Qb2 Bb7 25. Be2 Nd5 26. Bf3 Rfd8 27. Rxc8 Rxc8 28. Rc1 Rxc1 29. Qxc1 e5 30. Be4 g6 31. Qc4 Qd6 32. g4 Qe6 33. f3 f5 34. gxf5 gxf5 35. Bxf5 Qxf5 36. e4 Qf4 37. Ng2 Qxf3 38. exd5 Qxd5 39. Ne3 Qf7 40. Qxf7+ Kxf7 41. Nc4 Ke6 42. Nxb6 Be4 43. Nc4 Kd5 44. Nxa5 Kc5 45. b6 Kxb6 46. Nc4+ Kc5 47. Nxe5 Kd4 48. Ng4 h5 49. Nf6 Bg6 50. Kf2 Ke5 51. Nd7+ Kd6 52. Nb6 Kc5 53. Na4+ Kc4 54. Nb2+ Kb3 55. Nd1 Kxa3 56. Kg3 Kb4 57. Kf4 Kc5 58. Ke5 Kc6 59. h4 Kd7 60. Kf6 Be4 61. Ne3 1/2-1/2

[Event "18th Brasschaat Open 2018"]
[Site "Brasschaat"]
[Date "2018.08.22"]
[Round "5"]
[White "Van Dijck, Bjarne"]
[Black "Vande Ginste, Michiel"]
[Result "1-0"]
[ECO "B22"]
[WhiteElo "1932"]
[BlackElo "1762"]
[Annotator "NA"]
[PlyCount "41"]
[EventDate "2018.08.18"]
[EventType "swiss"]
[EventCountry "BEL"]
[SourceTitle "playchess.com"]
[Source "ChessBase"]
[SourceQuality "1"]
[TimeControl "40/5400+30:1800+30"]

1. e4 c5 2. c3 Nf6 3. e5 Nd5 4. d4 cxd4 5. cxd4 b6 6. Nc3 Bb7 7. Nf3 {[%emt 0:02:03] LiveBook: 5 Games} a6 8. Bc4 Nxc3 9. bxc3 b5 (9... Qc7 $11 {bleibt in der Remisbreite.} 10. Be2 e6) 10. Bb3 Qc7 11. Qd3 Nc6 12. Bf4 e6 $11 13. d5 exd5 14. Bxd5 Nd8 15. e6 d6 16. exf7+ Nxf7 17. Qe4+ Be7 18. Bxb7 Qxc3+ 19. Ke2 d5 20. Qxd5 Qb2+ 21. Qd2 1-0

[Event "18th Brasschaat Open 2018"]
[Site "Brasschaat"]
[Date "2018.08.22"]
[Round "5"]
[White "Engelaer, Maurice"]
[Black "Boudry, William"]
[Result "1/2-1/2"]
[ECO "C02"]
[WhiteElo "1915"]
[BlackElo "2044"]
[Annotator "NA"]
[PlyCount "108"]
[EventDate "2018.08.18"]
[EventType "swiss"]
[EventCountry "BEL"]
[SourceTitle "playchess.com"]
[Source "ChessBase"]
[SourceQuality "1"]
[TimeControl "40/5400+30:1800+30"]

1. e4 e6 2. d4 d5 3. e5 c5 4. c3 Nc6 5. Nf3 Bd7 6. Be2 f6 7. O-O fxe5 8. dxe5 Qc7 9. Re1 O-O-O {[%emt 0:00:06] LiveBook: 15 Games C02: Französische Verteidigung (Vorstoßvariante)} 10. Ng5 $146 ({Vorgänger:} 10. b4 Nxe5 11. Nxe5 Qxe5 12. Bf3 Qc7 13. Be3 Nf6 14. Nd2 c4 15. a4 Bd6 16. a5 Kb8 17. Nf1 {0-1 (40) Volkov,S (2624)-Alekseev,E (2632) Khanty-Mansiysk 2016}) 10... Nh6 11. f4 Be7 12. Nf3 g5 13. Na3 (13. Nxg5 $11 Bxg5 14. fxg5) 13... gxf4 14. Bxf4 Nf7 15. Qd2 a6 16. Nc2 Rhg8 17. Kh1 Rg7 (17... Ncxe5 $17 18. Nxe5 Nxe5) 18. b4 Rdg8 19. Bf1 Ng5 20. Nxg5 Bxg5 21. bxc5 {[%emt 0:01:18] [#]} Bxf4 $11 ({Günstiger ist} 21... Nxe5 $1 $19 22. Bxg5 (22. Rxe5 Qxe5 23. Bxe5 Bxd2 $17) 22... Rxg5) 22. Qxf4 Rg5 23. Nd4 Nxe5 24. Rab1 h6 25. c6 Nxc6 26. Qxc7+ Kxc7 27. Nxe6+ Bxe6 28. Rxe6 h5 29. Rh6 R8g7 30. g3 Re7 31. Bg2 Rge5 32. Kg1 Na5 33. Bf3 Nc4 34. Bxh5 Nd2 35. Rd1 Ne4 36. Rc1 Nd2 37. Bg4 Re1+ 38. Rxe1 Rxe1+ 39. Kf2 Ra1 40. Ke3 Nf1+ 41. Ke2 Nxh2 42. Be6 Rxa2+ 43. Kd3 Nf1 44. Bxd5 Rd2+ 45. Ke4 Nxg3+ 46. Ke5 Kb8 47. Rh8+ Ka7 48. Rh7 Rb2 49. c4 Nf1 50. c5 Ne3 51. c6 Nxd5 52. Kxd5 Rb5+ 53. Kc4 Rb6 54. Rxb7+ Rxb7 1/2-1/2